| TOP OF THE 1ST |
|
Kansas City Royals batting - Pitching for Baltimore Orioles : RHP Don Robinson
|
|
Pitching: RHP Don Robinson
|
|
|
Batting: RHB Rickey Henderson
|
0-0: Ball 1-0: Ball 2-0: Ball 3-0: Base on Balls
|
|
Batting: LHB Gene Richards
|
0-0: Ball 1-0: Bunt - Flyout to 13! F1
|
|
Batting: RHB Bob Horner
|
0-0: Ball Rickey Henderson steals 2nd base 1-0: Called Strike 1-1: Ball Rickey Henderson steals 3rd base 2-1: Fly out, F7 (Flyball, 78S, EV 95.0 MPH) Runner from 3rd tags up, SCORES, throw by LF
|
|
Batting: RHB Gary Carter
|
0-0: Called Strike 0-1: Swinging Strike 0-2: Ball 1-2: Strikes out swinging
|
| Top of the 1st over - 1 run, 0 hits, 0 errors, 0 left on base; Kansas City 1 - Baltimore 0 |
| BOTTOM OF THE 1ST |
|
Baltimore Orioles batting - Pitching for Kansas City Royals : LHP Britt Burns
|
|
Pitching: LHP Britt Burns
|
|
|
Batting: SHB Willie McGee
|
0-0: Called Strike 0-1: Ball 1-1: Bunt for hit to 15 - play at first, batter OUT! 1-3
|
|
Batting: SHB Johnny Ray
|
0-0: Ball 1-0: Ground out 6-3 (Groundball, 6MD, EV 104.4 MPH)
|
|
Batting: SHB Steve R Ontiveros
|
0-0: Foul Ball, location: 2F 0-1: Ball 1-1: Ball 2-1: Ball 3-1: Called Strike 3-2: Foul Ball, location: 2F 3-2: Base on Balls
|
|
Batting: RHB Dwight Evans
|
0-0: Called Strike 0-1: Ball 1-1: Fielders Choice at 2nd, 5-4 (Groundball, 56, EV 105.0 MPH)
|
| Bottom of the 1st over - 0 runs, 0 hits, 0 errors, 1 left on base; Kansas City 1 - Baltimore 0 |
| TOP OF THE 2ND |
|
Kansas City Royals batting - Pitching for Baltimore Orioles : RHP Don Robinson
|
|
Batting: RHB Lloyd McClendon
|
0-0: Ball 1-0: Foul Ball, location: 2F 1-1: Ball 2-1: Called Strike 2-2: Ball 3-2: Strikes out swinging
|
|
Batting: RHB Jeffrey Leonard
|
0-0: Ball 1-0: Called Strike 1-1: Called Strike 1-2: Ball 2-2: Foul Ball, location: 2F 2-2: Ball 3-2: Base on Balls
|
|
Batting: LHB Rick Manning
|
0-0: Ball 1-0: Ball 2-0: Called Strike 2-1: Fly out, F6 (Popup, 6, EV 68.1 MPH)
|
|
Batting: LHB Alvin Davis
|
0-0: Called Strike 0-1: Ball 1-1: Ball 2-1: Ball 3-1: Base on Balls Jeffrey Leonard to second
|
|
Batting: LHB Brad Mills
|
0-0: Called Strike 0-1: Ball 1-1: Called Strike 1-2: Strikes out looking
|
| Top of the 2nd over - 0 runs, 0 hits, 0 errors, 2 left on base; Kansas City 1 - Baltimore 0 |
| BOTTOM OF THE 2ND |
|
Baltimore Orioles batting - Pitching for Kansas City Royals : LHP Britt Burns
|
|
Batting: RHB Ron Cey
|
0-0: Fly out, F9 (Flyball, 89D, EV 92.5 MPH)
|
|
Batting: RHB Matt Rice
|
0-0: Ball 1-0: Ball 2-0: Called Strike 2-1: Ball 3-1: Called Strike 3-2: Foul Ball, location: 2F 3-2: Strikes out swinging
|
|
Batting: RHB Mark Brouhard
|
0-0: Called Strike 0-1: Foul Ball, location: 2F 0-2: Fly out, F5 (Line Drive, 5, EV 68.8 MPH)
|
| Bottom of the 2nd over - 0 runs, 0 hits, 0 errors, 0 left on base; Kansas City 1 - Baltimore 0 |
| TOP OF THE 3RD |
|
Kansas City Royals batting - Pitching for Baltimore Orioles : RHP Don Robinson
|
|
Batting: RHB Rickey Henderson
|
0-0: Foul Ball, location: 2F 0-1: Fly out, F9 (Line Drive, 9, EV 87.5 MPH)
|
|
Batting: LHB Gene Richards
|
0-0: Ball 1-0: Ball 2-0: Ball 3-0: Base on Balls
|
|
Batting: RHB Bob Horner
|
0-0: Ball Gene Richards steals 2nd base 1-0: Called Strike 1-1: Swinging Strike 1-2: Foul Ball, location: 2F 1-2: Ball 2-2: Ground out 6-3 (Groundball, 6, EV 103.1 MPH)
|
|
Batting: RHB Gary Carter
|
0-0: Swinging Strike 0-1: Swinging Strike 0-2: Foul Ball, location: 2F 0-2: Strikes out looking
|
| Top of the 3rd over - 0 runs, 0 hits, 0 errors, 1 left on base; Kansas City 1 - Baltimore 0 |
| BOTTOM OF THE 3RD |
|
Baltimore Orioles batting - Pitching for Kansas City Royals : LHP Britt Burns
|
|
Batting: RHB Garth Iorg
|
0-0: Called Strike 0-1: Ball 1-1: Ground out 6-3 (Groundball, 6, EV 103.8 MPH)
|
|
Batting: RHB Dennis Werth
|
0-0: Ball 1-0: Ball 2-0: Foul Ball, location: 2F 2-1: Ball 3-1: Base on Balls
|
|
Batting: SHB Willie McGee
|
0-0: Called Strike 0-1: Ball 1-1: Ball 2-1: Fly out, F8 (Flyball, 8LD, EV 83.1 MPH)
|
|
Batting: SHB Johnny Ray
|
0-0: Ball 1-0: Called Strike 1-1: Foul Ball, location: 2F 1-2: Ball 2-2: Fly out, F7 (Flyball, 7LM, EV 85.6 MPH)
|
| Bottom of the 3rd over - 0 runs, 0 hits, 0 errors, 1 left on base; Kansas City 1 - Baltimore 0 |
| TOP OF THE 4TH |
|
Kansas City Royals batting - Pitching for Baltimore Orioles : RHP Don Robinson
|
|
Batting: RHB Lloyd McClendon
|
0-0: Ball 1-0: Foul Ball, location: 2F 1-1: Called Strike 1-2: Strikes out swinging
|
|
Batting: RHB Jeffrey Leonard
|
0-0: Bunt missed! 0-1: Swinging Strike 0-2: Foul Ball, location: 2F 0-2: Ball 1-2: Ball 2-2: Fly out, F4 (Flyball, 4MD, EV 88.8 MPH)
|
|
Batting: LHB Rick Manning
|
0-0: Called Strike 0-1: Ground out 4-3 (Groundball, 4S, EV 80.0 MPH)
|
| Top of the 4th over - 0 runs, 0 hits, 0 errors, 0 left on base; Kansas City 1 - Baltimore 0 |
| BOTTOM OF THE 4TH |
|
Baltimore Orioles batting - Pitching for Kansas City Royals : LHP Britt Burns
|
|
Batting: SHB Steve R Ontiveros
|
0-0: Ball 1-0: DOUBLE (Line Drive, 89D, EV 107.5 MPH)
|
|
Batting: RHB Dwight Evans
|
0-0: Foul Ball, location: 2F 0-1: Ball 1-1: Swinging Strike 1-2: Ball 2-2: Ball 3-2: Base on Balls
|
|
Batting: RHB Ron Cey
|
0-0: Called Strike 0-1: Foul Ball, location: 2F 0-2: Ball 1-2: 3-RUN HOME RUN (Flyball, 9LD, EV 98.1 MPH), Distance : 358 ft
|
|
Batting: RHB Matt Rice
|
0-0: Ball 1-0: Ball 2-0: Ball 3-0: Called Strike 3-1: Called Strike 3-2: Fly out, F9 (Flyball, 9LM, EV 82.5 MPH)
|
|
Batting: RHB Mark Brouhard
|
0-0: Ball 1-0: Swinging Strike 1-1: Ground out U3 (Groundball, 34, EV 89.4 MPH)
|
|
Batting: RHB Garth Iorg
|
0-0: Foul Ball, location: 2F 0-1: Foul Ball, location: 2F 0-2: Ball 1-2: SINGLE (Groundball, 34D, EV 110.0 MPH)
|
|
Batting: RHB Dennis Werth
|
0-0: Called Strike 0-1: Ball 1-1: Swinging Strike 1-2: Foul Ball, location: 2F 1-2: Foul Ball, location: 2F 1-2: Foul Ball, location: 2F 1-2: Ball 2-2: Ground out 4-3 (Groundball, 34, EV 88.1 MPH)
|
| Bottom of the 4th over - 3 runs, 3 hits, 0 errors, 1 left on base; Kansas City 1 - Baltimore 3 |
| TOP OF THE 5TH |
|
Kansas City Royals batting - Pitching for Baltimore Orioles : RHP Don Robinson
|
|
Pitching: RHP John Howell
|
|
|
Batting: LHB Alvin Davis
|
0-0: Ball 1-0: Ball 2-0: Ball 3-0: Called Strike 3-1: Base on Balls
|
|
Batting: LHB Brad Mills
|
0-0: Called Strike 0-1: Ball 1-1: Swinging Strike 1-2: Ball 2-2: Strikes out swinging
|
|
Batting: RHB Rickey Henderson
|
0-0: Called Strike 0-1: Foul Ball, location: 2F 0-2: Ball 1-2: Foul Ball, location: 2F 1-2: Foul Ball, location: 2F 1-2: Ball 2-2: Ball 3-2: Base on Balls Alvin Davis to second
|
|
Batting: LHB Gene Richards
|
0-0: TRIPLE (Line Drive, 78XD, EV 102.5 MPH) Alvin Davis scores Rickey Henderson scores
|
|
Batting: RHB Bob Horner
|
0-0: Called Strike 0-1: Foul Ball, location: 2F 0-2: Foul Ball, location: 2F 0-2: 2-RUN HOME RUN (Flyball, 7LD, EV 100.0 MPH), Distance : 354 ft
|
|
Pitching: RHP Dave J Schmidt
|
|
|
Batting: RHB Gary Carter
|
0-0: Ball 1-0: Called Strike 1-1: Ground out 6-3 (Groundball, 56, EV 81.3 MPH)
|
|
Batting: RHB Lloyd McClendon
|
0-0: Foul Ball, location: 2F 0-1: Ground out 6-3 (Groundball, 6, EV 89.4 MPH)
|
| Top of the 5th over - 4 runs, 2 hits, 0 errors, 0 left on base; Kansas City 5 - Baltimore 3 |
| BOTTOM OF THE 5TH |
|
Baltimore Orioles batting - Pitching for Kansas City Royals : LHP Britt Burns
|
|
Pitching: LHP Ross Baumgarten
|
|
|
Batting: SHB Willie McGee
|
0-0: Foul Ball, location: 2F 0-1: Ball 1-1: Fly out, F9 (Flyball, 9LM, EV 94.4 MPH)
|
|
Batting: SHB Johnny Ray
|
0-0: Foul Ball, location: 2F 0-1: Ball 1-1: Ball 2-1: Called Strike 2-2: Foul Ball, location: 2F 2-2: Fly out, F9 (Flyball, 89M, EV 95.6 MPH)
|
|
Batting: SHB Steve R Ontiveros
|
0-0: Called Strike 0-1: Ball 1-1: Swinging Strike 1-2: Ball 2-2: Ground out 5-3 (Groundball, 56S, EV 68.8 MPH)
|
| Bottom of the 5th over - 0 runs, 0 hits, 0 errors, 0 left on base; Kansas City 5 - Baltimore 3 |
| TOP OF THE 6TH |
|
Kansas City Royals batting - Pitching for Baltimore Orioles : RHP Dave J Schmidt
|
|
Batting: RHB Jeffrey Leonard
|
0-0: Called Strike 0-1: Ball 1-1: Called Strike 1-2: Strikes out swinging
|
|
Batting: LHB Rick Manning
|
0-0: Called Strike 0-1: Called Strike 0-2: Ground out 4-3 (Groundball, 13, EV 88.8 MPH)
|
|
Batting: LHB Alvin Davis
|
0-0: Swinging Strike 0-1: Ball 1-1: Called Strike 1-2: Ball 2-2: Foul Ball, location: 2F 2-2: Foul Ball, location: 2F 2-2: Ground out 5-3 (Groundball, 5, EV 92.5 MPH)
|
| Top of the 6th over - 0 runs, 0 hits, 0 errors, 0 left on base; Kansas City 5 - Baltimore 3 |
| BOTTOM OF THE 6TH |
|
Baltimore Orioles batting - Pitching for Kansas City Royals : LHP Ross Baumgarten
|
|
Batting: RHB Dwight Evans
|
0-0: DOUBLE (Groundball, 3L, EV 100.6 MPH)
|
|
Batting: RHB Ron Cey
|
0-0: Called Strike 0-1: Called Strike 0-2: Ground out 5-3 (Groundball, 25, EV 79.4 MPH)
|
|
Batting: RHB Matt Rice
|
0-0: Called Strike 0-1: 2-RUN HOME RUN (Flyball, 78XD, EV 107.5 MPH), Distance : 430 ft
|
|
Batting: RHB Mark Brouhard
|
0-0: Ball 1-0: Fly out, F7 (Flyball, 7LS, EV 83.1 MPH)
|
|
Batting: RHB Garth Iorg
|
0-0: Ball 1-0: Foul Ball, location: 2F 1-1: Ground out 6-3 (Groundball, 6MD, EV 86.3 MPH)
|
| Bottom of the 6th over - 2 runs, 2 hits, 0 errors, 0 left on base; Kansas City 5 - Baltimore 5 |
| TOP OF THE 7TH |
|
Kansas City Royals batting - Pitching for Baltimore Orioles : RHP Dave J Schmidt
|
|
Batting: LHB Brad Mills
|
0-0: Ground out 4-3 (Groundball, 4, EV 108.1 MPH)
|
|
Pinch Hitting: LHB Kerry Dineen
|
0-0: Ground out 1-3 (Groundball, 15S, EV 68.8 MPH)
|
|
Pinch Hitting: LHB Jim Eisenreich
|
0-0: Foul Ball, location: 2F 0-1: Swinging Strike 0-2: Ball 1-2: Strikes out swinging
|
| Top of the 7th over - 0 runs, 0 hits, 0 errors, 0 left on base; Kansas City 5 - Baltimore 5 |
| BOTTOM OF THE 7TH |
|
Baltimore Orioles batting - Pitching for Kansas City Royals : LHP Ross Baumgarten
|
|
Pitching: RHP Orel Hershiser
|
|
|
Now in CF: Kerry Dineen
|
|
|
Now in RF: Jim Eisenreich
|
|
|
Batting: RHB Dennis Werth
|
0-0: Foul Ball, location: 2F 0-1: Ball 1-1: Foul Ball, location: 2F 1-2: Strikes out swinging
|
|
Batting: SHB Willie McGee
|
0-0: Ball 1-0: Fly out, F7 (Flyball, 78S, EV 85.0 MPH)
|
|
Pinch Hitting: SHB Mike Henderson
|
0-0: Ball 1-0: Ball 2-0: Ground out U3 (Groundball, 3, EV 86.3 MPH)
|
| Bottom of the 7th over - 0 runs, 0 hits, 0 errors, 0 left on base; Kansas City 5 - Baltimore 5 |
| TOP OF THE 8TH |
|
Kansas City Royals batting - Pitching for Baltimore Orioles : RHP Dave J Schmidt
|
|
Now at 3B: Mike Henderson
|
|
|
Pinch Hitting: RHB Eddie Gates
|
0-0: Foul Ball, location: 2F 0-1: Foul Ball, location: 2F 0-2: SOLO HOME RUN (Flyball, 78XD, EV 103.1 MPH), Distance : 425 ft
|
|
Pinch Hitting: RHB Al Minker
|
0-0: Called Strike 0-1: Swinging Strike 0-2: Ball 1-2: Strikes out swinging
|
|
Batting: RHB Lloyd McClendon
|
0-0: Ball 1-0: Foul Ball, location: 2F 1-1: Ball 2-1: SINGLE (Groundball, 6S, EV 72.5 MPH) (infield hit)
|
|
Pinch Hitting: RHB Charlie O'Brien
|
0-0: Called Strike 0-1: Fly out, F8 (Flyball, 8RM, EV 78.8 MPH)
|
|
Pinch Hitting: RHB Alberto Gonzalez
|
0-0: Ball 1-0: Ball 2-0: Ball 3-0: Base on Balls Lloyd McClendon to second
|
|
Batting: RHB Adrian Monrreal
|
0-0: Called Strike 0-1: DOUBLE (Groundball, 5L, EV 104.4 MPH) Lloyd McClendon scores Alberto Gonzalez to third Runner from 3rd tries for Home, SAFE, throw by LF to trailing runner, OUT at third! 7-6-5
|
| Top of the 8th over - 3 runs, 3 hits, 0 errors, 0 left on base; Kansas City 8 - Baltimore 5 |
| BOTTOM OF THE 8TH |
|
Baltimore Orioles batting - Pitching for Kansas City Royals : RHP Orel Hershiser
|
|
Now at 1B: Al Minker
|
|
|
Now at 3B: Eddie Gates
|
|
|
Now at SS: Alberto Gonzalez
|
|
|
Now in LF: Charlie O'Brien
|
|
|
Pinch Hitting: LHB Mario Delgado
|
0-0: Called Strike 0-1: Swinging Strike 0-2: Strikes out swinging
|
|
Batting: RHB Dwight Evans
|
0-0: Called Strike 0-1: Swinging Strike 0-2: Strikes out swinging
|
|
Batting: SHB Jordan Ayala
|
0-0: Called Strike 0-1: Foul Ball, location: 2F 0-2: Strikes out swinging
|
| Bottom of the 8th over - 0 runs, 0 hits, 0 errors, 0 left on base; Kansas City 8 - Baltimore 5 |
| TOP OF THE 9TH |
|
Kansas City Royals batting - Pitching for Baltimore Orioles : RHP Dave J Schmidt
|
|
Pitching: RHP Duane Theiss
|
|
|
Now in LF: Mario Delgado
|
|
|
Pinch Hitting: RHB Cesare Pierpaoli
|
0-0: Ball 1-0: Ball 2-0: Fly out, F8 (Flyball, 8LM, EV 88.8 MPH)
|
|
Batting: LHB Kerry Dineen
|
0-0: Called Strike 0-1: Swinging Strike 0-2: Ball 1-2: Fly out, F5 (Popup, 25F, EV 85.6 MPH)
|
|
Batting: LHB Jim Eisenreich
|
0-0: Ball 1-0: SINGLE (Line Drive, 5D, EV 100.0 MPH)
|
|
Batting: RHB Eddie Gates
|
0-0: Ball 1-0: Called Strike 1-1: Ground out 4-3 (Groundball, 34, EV 91.9 MPH)
|
| Top of the 9th over - 0 runs, 1 hit, 0 errors, 1 left on base; Kansas City 8 - Baltimore 5 |
| BOTTOM OF THE 9TH |
|
Baltimore Orioles batting - Pitching for Kansas City Royals : RHP Orel Hershiser
|
|
Now at 3B: Cesare Pierpaoli
|
|
|
Pinch Hitting: LHB Garcia Gutierrez
|
0-0: Fly out, F5 (Popup, 25F, EV 77.5 MPH)
|
|
Batting: RHB Mark Brouhard
|
0-0: Ball 1-0: Ball 2-0: Ball 3-0: Foul Ball, location: 2F 3-1: Base on Balls
|
|
Pinch Hitting: RHB Marty G Barrett
|
0-0: Called Strike 0-1: Called Strike 0-2: Ball 1-2: Ball 2-2: Foul Ball, location: 2F 2-2: Foul Ball, location: 2F 2-2: Foul Ball, location: 2F 2-2: Ball 3-2: Foul Ball, location: 2F 3-2: TRIPLE (Line Drive, 78XD, EV 105.0 MPH) Mark Brouhard scores
|
|
Pinch Hitting: RHB Bill Foley
|
0-0: Called Strike 0-1: Swinging Strike 0-2: Ball 1-2: Ball 2-2: SINGLE (Line Drive, 56D, EV 98.8 MPH) Marty G Barrett scores
|
|
Pitching: RHP Sandy Wihtol
|
|
|
Batting: SHB Willie McGee
|
0-0: Ball 1-0: Ball 2-0: Foul Ball, location: 2F 2-1: Swinging Strike 2-2: Strikes out looking
|
|
Pinch Hitting: LHB Dave Parker
|
0-0: Ball 1-0: Foul Ball, location: 2F 1-1: SINGLE (Line Drive, 4D, EV 101.3 MPH) Bill Foley to second Runner from 2nd tries for 3rd, SAFE, throw by CF made to third
|
|
Pinch Hitting: LHB Fred Lynn
|
0-0: Reached via error on a dropped throw from C, E3 (Groundball, 15S, EV 66.9 MPH) Bill Foley scores Dave Parker to second
|
|
Batting: RHB Dwight Evans
|
0-0: Fielders Choice at 2nd, 5-4 (Groundball, 56, EV 108.1 MPH)
|
| Bottom of the 9th over - 3 runs, 3 hits, 1 error, 2 left on base; Kansas City 8 - Baltimore 8 |
| TOP OF THE 10TH |
|
Kansas City Royals batting - Pitching for Baltimore Orioles : RHP Duane Theiss
|
|
Now at C: Bill Foley
|
|
|
Now at 2B: Marty G Barrett
|
|
|
Now at 3B: Dave Aponte
|
|
|
Now at SS: Garcia Gutierrez
|
|
|
Now in LF: Dave Parker
|
|
|
Batting: RHB Al Minker
|
0-0: Ball 1-0: Called Strike 1-1: Fly out, F7 (Flyball, 7S, EV 90.6 MPH)
|
|
Pinch Hitting: LHB Charles Ross
|
0-0: Called Strike 0-1: Foul Ball, location: 2F 0-2: Strikes out swinging
|
|
Batting: RHB Charlie O'Brien
|
0-0: Called Strike 0-1: Ball 1-1: Ground out 6-3 (Groundball, 56, EV 85.0 MPH)
|
| Top of the 10th over - 0 runs, 0 hits, 0 errors, 0 left on base; Kansas City 8 - Baltimore 8 |
| BOTTOM OF THE 10TH |
|
Baltimore Orioles batting - Pitching for Kansas City Royals : RHP Sandy Wihtol
|
|
Now at C: Charles Ross
|
|
|
Batting: SHB Jordan Ayala
|
0-0: Ball 1-0: Ball 2-0: Foul Ball, location: 2F 2-1: Ball 3-1: Fly out, F9 (Line Drive, 9D, EV 86.3 MPH)
|
|
Pinch Hitting: LHB Sid Bream
|
0-0: Ball 1-0: Fly out, F6 (Flyball, 56D, EV 92.5 MPH)
|
|
Batting: RHB Mark Brouhard
|
0-0: Ball 1-0: Ball 2-0: Called Strike 2-1: Ball 3-1: Called Strike 3-2: Base on Balls
|
|
Batting: RHB Marty G Barrett
|
0-0: Ball 1-0: Ball 2-0: Called Strike 2-1: Fielders Choice at 2nd, 5-4 (Groundball, 5, EV 106.9 MPH)
|
| Bottom of the 10th over - 0 runs, 0 hits, 0 errors, 1 left on base; Kansas City 8 - Baltimore 8 |
| TOP OF THE 11TH |
|
Kansas City Royals batting - Pitching for Baltimore Orioles : RHP Duane Theiss
|
|
Now at SS: Jerry Dybzinski
|
|
|
Batting: RHB Alberto Gonzalez
|
0-0: Fly out, F9 (Line Drive, 9, EV 91.9 MPH)
|
|
Batting: RHB Adrian Monrreal
|
0-0: Ball 1-0: Ball 2-0: Called Strike 2-1: Ball 3-1: Base on Balls
|
|
Batting: RHB Cesare Pierpaoli
|
0-0: Ball 1-0: Called Strike 1-1: Ball 2-1: Fielders Choice at 2nd, 5-4 (Groundball, 56, EV 101.9 MPH)
|
|
Pitching: RHP Oscar Silva
|
|
|
Batting: LHB Kerry Dineen
|
0-0: Ball Wild Pitch! Cesare Pierpaoli to second 1-0: Ball 2-0: Fly out, F9 (Flyball, 89D, EV 100.6 MPH)
|
| Top of the 11th over - 0 runs, 0 hits, 0 errors, 1 left on base; Kansas City 8 - Baltimore 8 |
| BOTTOM OF THE 11TH |
|
Baltimore Orioles batting - Pitching for Kansas City Royals : RHP Sandy Wihtol
|
|
Batting: RHB Bill Foley
|
0-0: Ball 1-0: Ball 2-0: Foul Ball, location: 2F 2-1: Swinging Strike 2-2: Strikes out swinging
|
|
Batting: SHB Willie McGee
|
0-0: SINGLE (Line Drive, 89S, EV 107.5 MPH)
|
|
Pitching: RHP Dan Petry
|
|
|
Batting: LHB Dave Parker
|
0-0: Ball 1-0: Ball 2-0: SINGLE (Line Drive, 78M, EV 93.1 MPH) Willie McGee to second Runner from 2nd tries for 3rd, SAFE, throw by CF made to third
|
|
Pinch Hitting: SHB Mike Hart
|
0-0: Swinging Strike 0-1: Foul Ball, location: 2F 0-2: Ball 1-2: Foul Ball, location: 2F 1-2: Ball 2-2: Ball 3-2: Base on Balls Dave Parker to second
|
|
Batting: RHB Dwight Evans
|
0-0: Ball 1-0: Swinging Strike 1-1: Swinging Strike 1-2: Ball 2-2: Foul Ball, location: 2F 2-2: Ball 3-2: Strikes out looking
|
|
Batting: SHB Jordan Ayala
|
0-0: Ball 1-0: Called Strike 1-1: Ball 2-1: Ball 3-1: Base on Balls Willie McGee scores Dave Parker to third Mike Hart to second
|
| Bottom of the 11th over - 1 run, 2 hits, 0 errors, 0 left on base; Kansas City 8 - Baltimore 9 |
|